[Event "56th Biel Festival MTO 2023"]
[White "Wang,Chuqiao"]
[Black "Schnell,Simon"]
[Site "Biel"]
[Round "2.49"]
[Annotator "TA"]
[Result "1-0"]
[Date "2023.07.19"]
[WhiteElo "2161"]
[BlackElo "2029"]
[PlyCount "78"]
[TimeControl "60"]

1. d4 Nf6 2. c4 g6 3. Nc3 d5 4. cxd5 Nxd5 5. Bd2 Bg7 6. e4 Nb6 7. Be3 O-O 8. Nf3 Bg4 {[%emt 0:0:0] D90: Grünfeld: 4 Nf3 Bg7 sidelines.} 9. Qd3 (9. Be2 $11 )Nc6 $15 10. Rd1 {[%emt 0:0:49] [#]} f5 $146 {[%emt 0:8:41] Black is slightly better.} ({Predecessor:} 10... Qd6 11. a3 Rad8 12. Ne2 Bxf3 13. gxf3 Ne5 14. dxe5 Qxd3 15. Rxd3 Rxd3 {0-1 Pinault,R (1810)-Schoucair,H (2105) Pic d'Anie op 2nd 2005 (4.7)} )11. exf5 $1 Bxf5 12. Qd2 Nb4 13. Rc1 {[%emt 0:0:23] Dodges Nc2+} c6 14. Bh6 (14. Be2 $11 )Qd6 (14... e5 $17 {Strongly threatening ...Bxh6.} 15. Bxg7 (15. Nxe5 $2 {loses.} Bxh6 {[%mdl 64] Deflection} 16. Qxh6 Qxd4 $19 )Kxg7 16. Nxe5 c5 )15. Bxg7 $11 Kxg7 16. Be2 Rad8 17. O-O (17. a3 $5 N4d5 18. O-O $11 )N4d5 (17... e5 $5 18. a3 exd4 19. axb4 dxc3 20. Qxd6 Rxd6 21. bxc3 Re8 $11 )18. Bd3 Bxd3 (18... Bg4 $5 )19. Qxd3 Qf6 20. Rfe1 Nf4 21. Qe3 (21. Qe4 $14 )Nbd5 (21... Qf5 $11 )22. Nxd5 $16 Nxd5 23. Qe4 (23. Qb3 $5 )Rde8 24. Rc2 Nf4 25. Rc5 (25. Ne5 {is interesting.} Qe6 26. g3 Nh3+ 27. Kg2 )Nd5 26. Ra5 a6 27. Ra3 Qf5 28. Rb3 Rb8 29. Qxf5 gxf5 30. Ng5 {[%emt 0:0:30] White is more active.} Rg8 (30... Kg8 $16 {is a better defense.} )31. Ne6+ $18 Kf7 32. Rh3 Nf6 33. Rf3 Rg4 (33... b6 {might work better.} 34. Rxf5 Rb7 )34. Rxf5 Kg6 35. Rfe5 Nd5 $2 (35... Kf7 36. h3 Rgg8 )36. g3 (36. f3 $142 Rh4 37. Rg5+ Kf6 38. g4 )Kf7 {[%emt 0:0:30] White has a decisive advantage.} 37. h3 Rg6 {[%emt 0:0:24] [#]} 38. Nc7 $1 {[%emt 0:52:28][%mdl 576] Decoy} e6 39. Nxe6 Nb4 {[%emt 0:0:30] Weighted Error Value: White=0.20 (precise) /Black=0.32} 1-0

[Event "56th Biel Festival MTO 2023"]
[White "Bu,Xiangzhi"]
[Black "Chasin,Nico"]
[Site "Biel"]
[Round "3.1"]
[Annotator "RC"]
[Result "1/2-1/2"]
[Date "2023.07.19"]
[WhiteElo "2676"]
[BlackElo "2455"]
[PlyCount "81"]
[TimeControl "60"]

1. c4 Nf6 2. Nc3 e5 3. g3 d5 4. cxd5 Nxd5 5. Bg2 Nb6 6. Nf3 Nc6 7. O-O Be7 8. Rb1 a5 9. d3 Be6 10. Be3 Nd5 11. Nxd5 Bxd5 12. Qa4 O-O 13. Rbc1 Re8 14. a3 Bf8 15. Rc3 Nb4 16. Bg5 f6 17. e4 Be6 18. Be3 Na2 19. Rc2 Qxd3 20. Rd2 Qb3 21. Qxb3 Bxb3 22. Rd7 b5 23. Bh3 b4 24. Nd2 bxa3 25. Nxb3 axb2 26. Rb1 a4 27. Rxb2 axb3 28. Rxc7 Rab8 29. Bf1 Kh8 30. Bc4 Nc3 31. Rxb3 Rxb3 32. Bxb3 Nxe4 33. h4 Nd6 34. h5 Nf5 35. Bc2 Nxe3 36. fxe3 Bd6 37. Rc6 Bf8 38. Be4 Rd8 39. Kf2 f5 40. Bxf5 Rd6 41. Rxd6 1/2-1/2

[Event "56th Biel Festival MTO 2023"]
[White "Aryan Chopra"]
[Black "Huang,Renjie"]
[Site "Biel"]
[Round "3.2"]
[Annotator "RC"]
[Result "1-0"]
[Date "2023.07.19"]
[WhiteElo "2626"]
[BlackElo "2445"]
[PlyCount "87"]
[TimeControl "60"]

1. e4 c5 2. Nf3 e6 3. d4 cxd4 4. Nxd4 Nf6 5. Nc3 Nc6 6. Nxc6 bxc6 7. e5 Nd5 8. Ne4 Bb7 9. Bd3 Qc7 10. f4 c5 11. c4 Nb4 12. Bb1 Rd8 13. Nd6+ Bxd6 14. Qxd6 Qc6 15. Qxc6 Nxc6 16. Be3 Nd4 17. O-O d6 18. Bxd4 cxd4 19. exd6 Rxd6 20. c5 Rd8 21. Bd3 a5 22. a3 Kd7 23. b4 axb4 24. axb4 Ra8 25. Rfd1 Kc7 26. Bc4 Rhd8 27. Kf2 Rxa1 28. Rxa1 d3 29. Ke3 d2 30. Rd1 Bxg2 31. Rxd2 Rxd2 32. Kxd2 Kc6 33. Kc3 Bd5 34. Be2 f6 35. Kd4 g6 36. b5+ Kc7 37. Bd3 Bf3 38. Bc4 Kd7 39. b6 Bc6 40. Kc3 e5 41. fxe5 fxe5 42. Kb4 e4 43. Kc3 g5 44. Be2 1-0

[Event "56th Biel Festival MTO 2023"]
[White "Materia,Marco"]
[Black "Quesada Perez,Luis Ernesto"]
[Site "Biel"]
[Round "3.3"]
[Annotator "RC"]
[Result "1/2-1/2"]
[Date "2023.07.19"]
[WhiteElo "2436"]
[BlackElo "2553"]
[PlyCount "95"]
[TimeControl "60"]

1. d4 Nf6 2. c4 g6 3. Nc3 d5 4. cxd5 Nxd5 5. e4 Nxc3 6. bxc3 Bg7 7. Bc4 c5 8. Ne2 Nc6 9. Be3 O-O 10. Rc1 cxd4 11. cxd4 Qa5+ 12. Rc3 Bg4 13. f3 Rad8 14. Qd2 Be6 15. Bxe6 fxe6 16. Rd3 Qa6 17. O-O Ne5 18. Rb3 Nc4 19. Qd3 Nxe3 20. Qxe3 Rc8 21. Nc3 e5 22. d5 Rc4 23. Rfb1 Rfc8 24. h3 b6 25. Kh2 Qa5 26. Nb5 Qxa2 27. R1b2 Qa1 28. d6 Rc1 29. dxe7 Re8 30. Rd2 Bf6 31. Ra3 Rh1+ 32. Kg3 Qc1 33. Rc3 Qe1+ 34. Qxe1 Rxe1 35. Nc7 Rxe7 36. Nd5 Rf7 37. Nxf6+ Rxf6 38. Rd5 Rf7 39. Rxe5 Rb1 40. h4 a5 41. h5 Kg7 42. hxg6 hxg6 43. Re6 a4 44. Rcc6 a3 45. Rxg6+ Kh7 46. Rh6+ Kg8 47. Rhg6+ Kh7 48. Rh6+ 1/2-1/2

[Event "56th Biel Festival MTO 2023"]
[White "Liu,Yan"]
[Black "Licznerski,Lukasz"]
[Site "Biel"]
[Round "3.4"]
[Annotator "RC"]
[Result "1-0"]
[Date "2023.07.19"]
[WhiteElo "2542"]
[BlackElo "2430"]
[PlyCount "125"]
[TimeControl "60"]

1. c4 e5 2. g3 Nf6 3. Bg2 d5 4. cxd5 Nxd5 5. Nf3 Nc6 6. O-O Nb6 7. b3 Be7 8. Bb2 f6 9. Nc3 Be6 10. Qc1 Qd7 11. Rd1 Bh3 12. Bxh3 Qxh3 13. d4 O-O-O 14. dxe5 fxe5 15. Qe3 Qf5 16. Qe4 g6 17. Qxf5+ gxf5 18. e4 Rdf8 19. Nd5 Bd6 20. Nd2 Rhg8 21. Ne3 f4 22. Nf5 Ne7 23. Nxe7+ Bxe7 24. Kg2 Bd6 25. Nf3 Nd7 26. Rac1 Rf6 27. Nh4 f3+ 28. Kf1 Rg4 29. Nf5 Kd8 30. Re1 Bb4 31. Bc3 a5 32. h3 Rgg6 33. Re3 Rc6 34. Rxf3 Rc5 35. Rd3 Bxc3 36. Rcxc3 Rxc3 37. Rxc3 a4 38. f3 axb3 39. Rxb3 Nc5 40. Rb5 b6 41. h4 Kd7 42. g4 Rg8 43. Rb2 Ke6 44. Ne3 Ra8 45. Nd5 Ra3 46. Nxc7+ Kd7 47. Nd5 Rxf3+ 48. Kg2 Ra3 49. Nf6+ Ke7 50. g5 h6 51. Ng8+ Kf7 52. Nxh6+ Kg6 53. Ng4 Nxe4 54. Nf2 Nxf2 55. Rxb6+ Kf5 56. Rf6+ Kg4 57. Rxf2 Kh5 58. Kg1 e4 59. Rg2 e3 60. g6 e2 61. Kf2 Rxa2 62. Rg5+ Kxh4 63. g7 1-0

[Event "56th Biel Festival MTO 2023"]
[White "Harikrishnan.A.Ra"]
[Black "Pranav Anand"]
[Site "Biel"]
[Round "3.5"]
[Annotator "RC"]
[Result "1/2-1/2"]
[Date "2023.07.19"]
[WhiteElo "2406"]
[BlackElo "2510"]
[PlyCount "132"]
[TimeControl "60"]

1. d4 Nf6 2. Nf3 d5 3. c4 e6 4. g3 Bb4+ 5. Bd2 Be7 6. Bg2 Nbd7 7. Qc2 c6 8. O-O Ne4 9. Be3 O-O 10. Nbd2 f5 11. Ne1 Nd6 12. Nd3 g5 13. b3 Nf7 14. Nf3 Bf6 15. b4 Nb6 16. Nb2 g4 17. Nd2 dxc4 18. Ndxc4 Nd5 19. Nd3 b6 20. Rad1 Qe7 21. a3 Ba6 22. Nce5 Bxe5 23. Nxe5 Nxe3 24. fxe3 Nxe5 25. dxe5 Qg7 26. Qb2 Rad8 27. Kf2 Bb5 28. a4 Bxa4 29. Rxd8 Rxd8 30. Qa2 Bb5 31. Qxe6+ Qf7 32. Qh6 Qg6 33. Qf4 h6 34. Ra1 a6 35. Rc1 Qe6 36. e4 fxe4 37. Qxe4 Rd5 38. Qf4 Rxe5 39. e4 h5 40. Rd1 Qe7 41. Kg1 a5 42. Qh6 Qg5 43. Qd6 axb4 44. Qxb4 Re7 45. Qd4 Qc5 46. Qxc5 bxc5 47. Rc1 c4 48. Kf2 Ra7 49. Bf1 Ra4 50. Ke3 Kf7 51. Kf4 Kf6 52. Rc2 Ra3 53. e5+ Kg6 54. Bg2 c3 55. Be4+ Kf7 56. Rc1 Ba4 57. Bf5 Ke7 58. Ke4 c2 59. Kd4 c5+ 60. Kxc5 Re3 61. Kb4 Rxe5 62. Bxc2 Bd7 63. Bd3 Re3 64. Rd1 Kf6 65. Kc3 Rf3 66. Rf1 Kg5 1/2-1/2

[Event "56th Biel Festival MTO 2023"]
[White "Samant Aditya S"]
[Black "Toktomushev,Teimur"]
[Site "Biel"]
[Round "3.6"]
[Annotator "RC"]
[Result "1-0"]
[Date "2023.07.19"]
[WhiteElo "2510"]
[BlackElo "2206"]
[PlyCount "63"]
[TimeControl "60"]

1. e4 c5 2. Nf3 e6 3. d4 cxd4 4. Nxd4 a6 5. h3 Nf6 6. Bd3 Qc7 7. O-O Bc5 8. Nb3 Ba7 9. c4 Nc6 10. Nc3 Ne5 11. Qe2 Ng6 12. Be3 Bxe3 13. Qxe3 d6 14. f4 Bd7 15. Rae1 O-O 16. e5 Ne8 17. Nd4 dxe5 18. fxe5 Qc5 19. a3 a5 20. Kh1 Rd8 21. Bxg6 hxg6 22. Rf4 Nc7 23. Qf2 Bc6 24. Nxc6 Qxc6 25. Ne4 Rd3 26. Ng5 f6 27. exf6 gxf6 28. Rxf6 Qe8 29. Nh7 Rf7 30. Rf1 Rfd7 31. Rf8+ Kxh7 32. Qh4+ 1-0

[Event "56th Biel Festival MTO 2023"]
[White "Albornoz Cabrera,Carlos Daniel"]
[Black "Sukandar,Irine Kharisma"]
[Site "Biel"]
[Round "3.7"]
[Annotator "TA"]
[Result "1/2-1/2"]
[Date "2023.07.19"]
[WhiteElo "2591"]
[BlackElo "2358"]
[PlyCount "334"]
[TimeControl "60"]

1. e4 e5 2. Nf3 Nc6 3. Bb5 a6 4. Ba4 Nf6 5. O-O Be7 6. Re1 b5 7. Bb3 d6 8. c3 O-O 9. h3 a5 10. d4 Bd7 11. a3 a4 12. Ba2 h6 13. Nbd2 Re8 14. b4 axb3 15. Qxb3 Rf8 16. Qc2 Re8 17. Bb2 Bf8 18. Re3 Na5 19. dxe5 dxe5 20. c4 bxc4 21. Nxe5 Be6 22. Ndxc4 Nxc4 23. Bxc4 Qe7 24. Bb5 Nd7 25. Nxd7 Bxd7 26. Bc4 Be6 27. Bb5 Bd7 28. Bxd7 Qxd7 29. Rg3 Re6 30. Rc1 Rb8 31. Ba1 Qe7 32. Qc3 f6 33. Qc4 Kh8 34. Re3 Re8 35. Rce1 Qc5 36. Qe2 Bd6 37. Qg4 Qb6 38. Qg6 Bf4 39. R3e2 Qa6 40. Bb2 c5 41. Qg4 Qd6 42. Bc3 R6e7 43. g3 Be5 44. Bxe5 Rxe5 45. Re3 c4 46. Qe2 Qc6 47. Qc2 Qe6 48. h4 Rd8 49. Qc3 Rb5 50. Rc1 Rc8 51. Qd4 Re5 52. Rb1 Rec5 53. Qc3 Re5 54. Qc2 Qc6 55. Rc1 Qe6 56. Rd1 Rec5 57. Qc3 Rb5 58. Rc1 Rb3 59. Qd4 Rxe3 60. Qxe3 Rd8 61. Rc3 Qc6 62. Kh2 Re8 63. Qf3 Rd8 64. Kg2 Qc5 65. a4 Qb4 66. a5 Qb5 67. Qe3 Rd3 68. Rxd3 cxd3 69. Qd4 Qxa5 70. Qxd3 Qa8 71. Qd5 Qb8 72. h5 Qe8 73. Kh3 Qc8+ 74. Qf5 Qc1 75. Kg2 Qc7 76. Qd5 Qc3 77. Qf5 Qd4 78. Qc8+ Kh7 79. Qc2 Kh8 80. Kf3 Qa1 81. Kg4 Qa6 82. Qc5 Qe6+ 83. Kf4 Qd7 84. Ke3 Qd1 85. Qc8+ Kh7 86. Qf5+ Kh8 87. Qd5 Qe1+ 88. Kf3 Qf1 89. Qd8+ Kh7 90. Qd4 Qb5 91. Qd5 Qf1 92. Qf5+ Kh8 93. Kg4 Qe2+ 94. f3 Qe3 95. Qd5 Qe2 {[%emt 0:0:56] [#]} (95... Qc1 $11 {keeps the balance.} )96. e5 (96. Qb3 $1 $16 )fxe5 $11 97. Kf5 Qh2 98. Kg4 Qb2 99. Qa8+ Kh7 100. Qe4+ Kh8 101. Kf5 Qa3 102. Qd5 Qe3 103. Qa8+ Kh7 104. Qe4 Qc3 105. g4 Qc7 106. Qxe5 Qf7+ 107. Ke4 Qc4+ 108. Qd4 Qc6+ 109. Qd5 Qa4+ 110. Kf5 Qa6 111. Kf4 Kh8 112. Kg3 Qf1 113. Qd8+ Kh7 114. Qd4 Qe1+ 115. Kf4 (115. Kg2 $5 Kg8 116. Qe4 Qd2+ 117. Kg3 $16 )Qc1+ 116. Ke5 Qc7+ 117. Ke4 Qe7+ 118. Kd3 Qa3+ 119. Ke2 Qa2+ 120. Ke3 Qg2 121. Kf4 Qh2+ 122. Kf5 Qc7 123. Qe4 Kh8 124. Qe8+ Kh7 125. Qe6 Qc5+ 126. Kf4 (126. Ke4 $5 Qb4+ 127. Kd3 Qa3+ 128. Ke4 $16 )Qc1+ 127. Qe3 Qc7+ 128. Ke4 Qe7+ 129. Kd3 Qa3+ 130. Ke2 Qb2+ 131. Kf1 Qh2 132. Qf2 Qh1+ 133. Ke2 Kh8 134. Qd4 Qg2+ 135. Ke3 Qg1+ 136. Ke4 Qb1+ 137. Kf4 Qc1+ 138. Kg3 Qe1+ 139. Kg2 Qe2+ 140. Qf2 Qd1 141. Kg3 Qd3 142. Qc5 Qf1 143. Qe3 Qa1 144. f4 Qa8 145. g5 (145. Qe7 $14 )hxg5 $11 146. fxg5 Qb8+ 147. Qf4 Qe8 148. Qf3 Qe5+ 149. Kg4 Qe6+ 150. Kf4 Qf7+ 151. Kg3 Qc7+ 152. Qf4 Qc3+ 153. Kg4 Qc8+ 154. Kh4 Qe8 155. g6 Qe7+ 156. Kg4 Qe6+ 157. Kf3 Qd5+ 158. Kf2 (158. Kg4 $5 Qd7+ 159. Kg3 Qd3+ 160. Kh4 Qd8+ 161. Qg5 Qd4+ 162. Kg3 $11 )Qc5+ 159. Qe3 Qc2+ 160. Kg3 Qc7+ 161. Kf3 Qc6+ 162. Qe4 Qc3+ 163. Kf4 Qc7+ 164. Qe5 Qc1+ 165. Ke4 Qc4+ 166. Qd4 Qc6+ 167. Qd5 Qxg6+ 1/2-1/2

[Event "56th Biel Festival MTO 2023"]
[White "Jinan Jomon"]
[Black "Nguyen,Ngoc Truong Son"]
[Site "Biel"]
[Round "3.8"]
[Annotator "RC"]
[Result "0-1"]
[Date "2023.07.19"]
[WhiteElo "2409"]
[BlackElo "2645"]
[PlyCount "102"]
[TimeControl "60"]

1. c4 Nf6 2. Nf3 c6 3. Nc3 d5 4. e3 a6 5. b3 Bf5 6. Be2 Nbd7 7. d4 e6 8. O-O Bd6 9. Bb2 Ne4 10. Nxe4 Bxe4 11. Bd3 O-O 12. Bxe4 dxe4 13. Ne5 f5 14. Nxd7 Qxd7 15. f3 exf3 16. Qxf3 Rf7 17. e4 fxe4 18. Qxe4 Raf8 19. Qe2 Qc7 20. Qxe6 Bxh2+ 21. Kh1 Qd6 22. Qxd6 Bxd6 23. Rxf7 Rxf7 24. a4 Rf5 25. Bc3 Bg3 26. Rd1 Kf7 27. Bd2 g5 28. Be3 g4 29. Kg1 h5 30. Kh1 Ke6 31. Bg1 h4 32. Be3 Kd6 33. Bg1 Kd7 34. Be3 h3 35. gxh3 gxh3 36. Bg1 Rf3 37. Rb1 Rd3 38. b4 Rc3 39. c5 Ke6 40. b5 Kd5 41. bxc6 bxc6 42. a5 Ra3 43. Rd1 Bc7 44. Bh2 Bxa5 45. Be5 Bc3 46. Kh2 a5 47. Bg3 a4 48. Kxh3 Rb3 49. Rf1 a3 50. Rf5+ Kxd4 51. Rf4+ Kxc5 0-1

[Event "56th Biel Festival MTO 2023"]
[White "Huang,Qian"]
[Black "Yuffa,Daniil"]
[Site "Biel"]
[Round "3.9"]
[Annotator "RC"]
[Result "0-1"]
[Date "2023.07.19"]
[WhiteElo "2422"]
[BlackElo "2603"]
[PlyCount "66"]
[TimeControl "60"]

1. Nf3 c5 2. c4 Nc6 3. Nc3 g6 4. g3 Bg7 5. Bg2 d6 6. O-O Bf5 7. a3 Qd7 8. d3 Bh3 9. Bxh3 Qxh3 10. Rb1 Bxc3 11. bxc3 b6 12. Ne1 h5 13. Ng2 h4 14. Nf4 Qd7 15. f3 hxg3 16. hxg3 g5 17. Ng2 g4 18. Kf2 gxf3 19. exf3 O-O-O 20. Be3 Nf6 21. Bg5 Qf5 22. Bxf6 Qxf6 23. Qe1 Kc7 24. Rc1 Rh2 25. Qe4 Rg8 26. Rg1 Qg7 27. g4 f5 28. Qxf5 Rf8 29. Qe4 Ne5 30. Ke2 Nxf3 31. Rcf1 Nxg1+ 32. Rxg1 Qf6 33. Kd1 e6 0-1

[Event "56th Biel Festival MTO 2023"]
[White "Shlyakhtenko,Robert"]
[Black "Erdos,Viktor"]
[Site "Biel"]
[Round "3.10"]
[Annotator "RC"]
[Result "1/2-1/2"]
[Date "2023.07.19"]
[WhiteElo "2401"]
[BlackElo "2571"]
[PlyCount "63"]
[TimeControl "60"]

1. d4 Nf6 2. c4 g6 3. Nc3 d5 4. Nf3 Bg7 5. h4 O-O 6. cxd5 Nxd5 7. h5 c5 8. hxg6 hxg6 9. Bh6 Bxh6 10. Rxh6 Nxc3 11. bxc3 cxd4 12. Qd2 Kg7 13. cxd4 Nc6 14. Rh4 Qa5 15. e4 Rd8 16. Qxa5 Nxa5 17. Kd2 f6 18. Bd3 g5 19. Rh2 Bg4 20. Rah1 Rh8 21. Rxh8 Rxh8 22. Rxh8 Kxh8 23. d5 e5 24. Ne1 Kg7 25. Nc2 Kf7 26. Kc3 b6 27. Ba6 Ke7 28. Ne3 Bd7 29. Kb4 Kd6 30. f3 Kc7 31. Nf1 g4 32. Ng3 1/2-1/2

[Event "56th Biel Festival MTO 2023"]
[White "Dotzer,Lukas"]
[Black "Rodrigue-Lemieux,Shawn"]
[Site "Biel"]
[Round "3.11"]
[Annotator "RC"]
[Result "1/2-1/2"]
[Date "2023.07.19"]
[WhiteElo "2369"]
[BlackElo "2495"]
[PlyCount "104"]
[TimeControl "60"]

1. e4 e5 2. Nf3 Nc6 3. Bb5 a6 4. Ba4 d6 5. c3 Bd7 6. d4 g6 7. O-O Bg7 8. Re1 Nf6 9. Nbd2 O-O 10. Bc2 Nh5 11. dxe5 dxe5 12. Nc4 Qe8 13. Qe2 Kh8 14. a4 h6 15. b4 b6 16. g3 Be6 17. Nh4 f5 18. exf5 gxf5 19. g4 Qf7 20. Ne3 fxg4 21. Nef5 e4 22. Nxg7 Kxg7 23. Bxe4 Bd7 24. Qd2 Rae8 25. Qxh6+ Kg8 26. Bg5 Ne5 27. Ng6 Nxg6 28. Qxg6+ Qxg6 29. Bxg6 Rxe1+ 30. Rxe1 Nf4 31. Bxf4 Rxf4 32. Re7 Bxa4 33. Rxc7 Bb3 34. Rb7 Rf6 35. Be4 Re6 36. f3 gxf3 37. Bxf3 Bc4 38. Rc7 Bb3 39. c4 Rg6+ 40. Kf2 Kf8 41. h4 a5 42. c5 axb4 43. c6 Ba4 44. Rc8+ Ke7 45. c7 Bd7 46. Rd8 b3 47. Bb7 Rf6+ 48. Ke3 Bh3 49. Rd2 Rf8 50. Rb2 Kd6 51. c8=Q Bxc8 52. Bxc8 Rxc8 1/2-1/2

[Event "56th Biel Festival MTO 2023"]
[White "Deuer,Marius"]
[Black "Bharath Subramaniyam H"]
[Site "Biel"]
[Round "3.12"]
[Annotator "RC"]
[Result "1-0"]
[Date "2023.07.19"]
[WhiteElo "2374"]
[BlackElo "2488"]
[PlyCount "97"]
[TimeControl "60"]

1. d4 Nf6 2. c4 e6 3. Nc3 Bb4 4. e3 b6 5. Nge2 Ne4 6. Qc2 Bb7 7. a3 Bxc3+ 8. Nxc3 Nxc3 9. Qxc3 d6 10. b4 Nd7 11. h4 a5 12. Bb2 axb4 13. axb4 Rxa1+ 14. Bxa1 f5 15. f3 O-O 16. Be2 Nf6 17. O-O Nh5 18. Qe1 f4 19. exf4 Nxf4 20. Bd1 Qf6 21. g3 Qg6 22. Kh2 Ra8 23. Bb3 Nh5 24. Bb2 h6 25. g4 Nf4 26. Kg3 Rf8 27. Qd2 Qf6 28. Bc2 Bxf3 29. Bd1 Ng6 30. g5 hxg5 31. hxg5 Qe7 32. Rxf3 Rf5 33. Rxf5 exf5 34. Bc2 Qe6 35. d5 Qd7 36. Qd3 f4+ 37. Kf2 Qg4 38. Ke1 Qg1+ 39. Kd2 Nf8 40. g6 Qg5 41. Qf5 Qg2+ 42. Kc3 Qg3+ 43. Bd3 Qe1+ 44. Kb3 Qe8 45. Qxf4 Nxg6 46. Qe4 Qxe4 47. Bxe4 Ne7 48. Bc1 Kf7 49. Bg5 1-0

[Event "56th Biel Festival MTO 2023"]
[White "Besou,Hussain"]
[Black "Samadov,Read"]
[Site "Biel"]
[Round "3.13"]
[Annotator "RC"]
[Result "1/2-1/2"]
[Date "2023.07.19"]
[WhiteElo "2348"]
[BlackElo "2482"]
[PlyCount "106"]
[TimeControl "60"]

1. d4 Nf6 2. c4 g6 3. Nc3 Bg7 4. e4 d6 5. h3 O-O 6. Be3 Nc6 7. Nf3 e5 8. d5 Nd4 9. Nxd4 exd4 10. Bxd4 Nxe4 11. Nxe4 Qh4 12. g4 Re8 13. Bg2 Bf5 14. O-O Bxe4 15. Bxg7 Bxg2 16. Kxg2 Kxg7 17. Qd4+ Qf6 18. Qxf6+ Kxf6 19. Rfe1 a5 20. Kf3 h6 21. h4 Rab8 22. a4 Rbc8 23. b3 Rcd8 24. Rad1 Rc8 25. Rxe8 Rxe8 26. Rd4 g5 27. hxg5+ Kxg5 28. Rd1 Re5 29. Rg1 f6 30. Rh1 f5 31. gxf5 Rxf5+ 32. Kg3 Rf7 33. f3 h5 34. Rh2 Re7 35. f4+ Kg6 36. Kf3 Rh7 37. Rg2+ Kf6 38. Rh2 Kf5 39. Rh4 Rh8 40. Ke3 Rh7 41. Kf3 c6 42. dxc6 bxc6 43. Ke3 Rh6 44. Kf3 Rh7 45. Ke3 Rh8 46. Kf3 Kg6 47. Ke4 Kf6 48. Kd4 Kf5 49. Ke3 Re8+ 50. Kf3 Kg6 51. Rh3 Rb8 52. Ke4 Re8+ 53. Kd4 Rh8 1/2-1/2

[Event "56th Biel Festival MTO 2023"]
[White "Wang,Chen"]
[Black "Wessman,Richard"]
[Site "Biel"]
[Round "3.14"]
[Annotator "RC"]
[Result "1/2-1/2"]
[Date "2023.07.19"]
[WhiteElo "2477"]
[BlackElo "2410"]
[PlyCount "157"]
[TimeControl "60"]

1. e4 c6 2. Nf3 d5 3. Nc3 Bg4 4. h3 Bxf3 5. Qxf3 e6 6. Be2 Nf6 7. O-O dxe4 8. Nxe4 Nxe4 9. Qxe4 Nd7 10. d4 Nf6 11. Qd3 Be7 12. a4 O-O 13. a5 a6 14. c3 Qc7 15. Re1 Rad8 16. Qf3 Rfe8 17. Bc4 Nd5 18. b4 Bf6 19. Ra2 Qe7 20. Ba3 Qc7 21. Rae2 Rd7 22. Bc1 Qd8 23. g3 Bg5 24. Bb2 Qf6 25. Qg2 Qd8 26. h4 Bf6 27. Qf3 g6 28. Bc1 h5 29. Re4 Bg7 30. Bg5 Qb8 31. Bb3 Qd6 32. R4e2 Qf8 33. Bc2 Bh6 34. Qd3 Bxg5 35. hxg5 Qg7 36. Re5 Ne7 37. Bb3 Nf5 38. Qf3 Rd6 39. Qf4 Red8 40. Kg2 R8d7 41. Rh1 Qf8 42. Re2 Qg7 43. Qc1 Qf8 44. Qf4 Qe7 45. Re4 Qf8 46. f3 Qg7 47. Rd1 Rd8 48. Kf2 R8d7 49. Ke2 Rd5 50. Kf2 R5d6 51. Ke1 Rd8 52. Re5 Qh8 53. Rd2 Qg7 54. Kd1 Qf8 55. Kc2 R6d7 56. g4 Ng7 57. Rh2 Rd5 58. Bxd5 cxd5 59. Re1 Rc8 60. Kd2 Qe8 61. Qe3 Qa4 62. Qd3 Qa2+ 63. Qc2 Qc4 64. Rhh1 Kf8 65. Re3 Ke7 66. gxh5 Nxh5 67. Kc1 Ng3 68. Rg1 Nf5 69. Rd3 Rh8 70. Kb2 Rh3 71. Rgd1 Qc7 72. Kb1 Qf4 73. c4 Ne3 74. Qc1 Rxf3 75. cxd5 Nxd1 76. Rxf3 Qxf3 77. Qc7+ Kf8 78. Qb8+ Kg7 79. Qe5+ 1/2-1/2

[Event "56th Biel Festival MTO 2023"]
[White "Malli,Suvirr"]
[Black "Saraci,Nderim"]
[Site "Biel"]
[Round "3.15"]
[Annotator "RC"]
[Result "0-1"]
[Date "2023.07.19"]
[WhiteElo "2094"]
[BlackElo "2472"]
[PlyCount "52"]
[TimeControl "60"]

1. e4 e5 2. Nf3 Nc6 3. Bc4 Bc5 4. d3 Nf6 5. O-O d6 6. Re1 a6 7. a4 O-O 8. c3 Ba7 9. a5 Ne7 10. b4 Ng6 11. Be3 Bxe3 12. fxe3 c6 13. Nbd2 h6 14. Ba2 Be6 15. Nf1 Rc8 16. Bxe6 fxe6 17. Qb3 Qe7 18. Ng3 Kh8 19. d4 Ng4 20. h3 Rxf3 21. gxf3 Qh4 22. Nh1 Qxh3 23. fxg4 Nh4 24. Re2 Nf3+ 25. Kf2 Qh2+ 26. Kf1 Qg1# 0-1

[Event "56th Biel Festival MTO 2023"]
[White "Rathanvel,V S"]
[Black "Haimovich,Tal"]
[Site "Biel"]
[Round "3.16"]
[Annotator "RC"]
[Result "1/2-1/2"]
[Date "2023.07.19"]
[WhiteElo "2463"]
[BlackElo "2374"]
[PlyCount "81"]
[TimeControl "60"]

1. e4 e5 2. Nf3 Nc6 3. Bb5 a6 4. Ba4 d6 5. O-O Bd7 6. c4 g6 7. d4 Bg7 8. Bxc6 Bxc6 9. dxe5 dxe5 10. Qc2 Ne7 11. Nc3 Bd7 12. Be3 O-O 13. Rfd1 Qc8 14. h3 Re8 15. Rd2 b5 16. Rad1 Bc6 17. Nd5 Nxd5 18. cxd5 Bb7 19. Rc1 Qd8 20. Rd3 f5 21. Bg5 Bf6 22. Bxf6 Qxf6 23. Nd2 Rac8 24. Rc3 Red8 25. Rc5 c6 26. dxc6 Rxc6 27. Rxc6 Bxc6 28. Qxc6 Qxc6 29. Rxc6 Rxd2 30. exf5 gxf5 31. Rxa6 Rxb2 32. Re6 Rb1+ 33. Kh2 Re1 34. f4 Kf7 35. Rb6 exf4 36. Rxb5 Kf6 37. a4 Ra1 38. Rb4 Kg5 39. Rc4 Ra2 40. Kg1 Ra1+ 41. Kh2 1/2-1/2

[Event "56th Biel Festival MTO 2023"]
[White "Muthaiah AL"]
[Black "Aarav Dengla"]
[Site "Biel"]
[Round "3.17"]
[Annotator "RC"]
[Result "1-0"]
[Date "2023.07.19"]
[WhiteElo "2445"]
[BlackElo "2343"]
[PlyCount "89"]
[TimeControl "60"]

1. d4 d5 2. c4 e6 3. Nc3 a6 4. cxd5 exd5 5. Bf4 Nf6 6. e3 c5 7. Nf3 c4 8. Be2 b5 9. O-O Qb6 10. Ne5 Bb4 11. a4 Bb7 12. Na2 Bd6 13. b3 O-O 14. bxc4 dxc4 15. Nxc4 bxc4 16. Rb1 Qd8 17. Bxd6 Bxg2 18. Bxf8 Bxf1 19. Qxf1 Kxf8 20. Bf3 Ra7 21. Qxc4 Nbd7 22. Nb4 Qb6 23. Rb3 Qd6 24. Nc6 Rc7 25. Qxa6 Ne8 26. Qb5 Qg6+ 27. Kf1 Qc2 28. Qb4+ Kg8 29. Rc3 Qa2 30. Qa3 Qb1+ 31. Qc1 Qb6 32. a5 Qb5+ 33. Be2 Qg5 34. a6 Kh8 35. a7 Nb6 36. Qb1 Rxc6 37. Rxc6 Qd5 38. f3 Qxc6 39. Qxb6 Qxb6 40. a8=Q Qe6 41. Bb5 Qh3+ 42. Kg1 g6 43. Qxe8+ Kg7 44. Qe5+ Kg8 45. Be2 1-0

[Event "56th Biel Festival MTO 2023"]
[White "Meshkovs,Nikita"]
[Black "Nie,Xinyang"]
[Site "Biel"]
[Round "3.18"]
[Annotator "RC"]
[Result "1-0"]
[Date "2023.07.19"]
[WhiteElo "2565"]
[BlackElo "2288"]
[PlyCount "159"]
[TimeControl "60"]

1. c4 c6 2. Nf3 d5 3. e3 Nf6 4. b3 Bf5 5. Bb2 e6 6. Be2 h6 7. O-O Nbd7 8. d4 Be7 9. Nc3 Ne4 10. Bd3 Nxc3 11. Bxc3 O-O 12. Bxf5 exf5 13. Qd3 g6 14. cxd5 cxd5 15. Qb5 Nb6 16. Ne5 a6 17. Qa5 Rc8 18. Bb4 Bxb4 19. Qxb4 Qc7 20. Nd3 Nd7 21. Rfc1 Qb8 22. Qe7 Rcd8 23. Qh4 Kg7 24. Qf4 Nf6 25. Qxb8 Rxb8 26. Rc7 Rfc8 27. Rac1 Rxc7 28. Rxc7 Ne8 29. Rc5 Nf6 30. Rc7 Ne8 31. Rc5 Rd8 32. f3 g5 33. Nb4 Nf6 34. Rc7 a5 35. Nd3 Rd7 36. Rc5 b6 37. Rc6 Re7 38. Ne5 Ne8 39. Kf2 Rc7 40. Rxb6 Rc2+ 41. Kf1 Rxa2 42. Rb7 Rb2 43. Nxf7 Kf6 44. Nd8 f4 45. exf4 gxf4 46. Rb6+ Ke7 47. Nc6+ Kd7 48. Ne5+ Kc7 49. Rb5 Kd6 50. Rxa5 Nc7 51. Nd3 Rd2 52. Nxf4 Rxd4 53. Ra4 Rd2 54. Rb4 Kc5 55. Rb7 Kc6 56. Rb8 Rb2 57. h4 d4 58. Rd8 Nb5 59. Rc8+ Kd6 60. Rd8+ Kc6 61. Ne6 Rd2 62. g4 Nd6 63. g5 hxg5 64. hxg5 Nf5 65. g6 Rd3 66. Kf2 Rd2+ 67. Ke1 Rg2 68. Nxd4+ Kc7 69. Ne6+ Kb6 70. g7 Nxg7 71. Nxg7 Rxg7 72. b4 Kb5 73. Rd4 Ka4 74. Kd2 Kb3 75. f4 Rf7 76. Kd3 Rf8 77. b5 Rf5 78. b6 Rb5 79. Rd6 Kb4 80. Ke4 1-0

[Event "56th Biel Festival MTO 2023"]
[White "Peng,Xiongjian"]
[Black "Abdulrahman Mohammad,Al Taher"]
[Site "Biel"]
[Round "3.19"]
[Annotator "RC"]
[Result "1-0"]
[Date "2023.07.19"]
[WhiteElo "2489"]
[BlackElo "2258"]
[PlyCount "89"]
[TimeControl "60"]

1. c4 e6 2. g3 d5 3. Bg2 Nf6 4. Nf3 Be7 5. O-O O-O 6. Na3 b6 7. b3 Bb7 8. Bb2 c5 9. d4 Nbd7 10. Rc1 Rc8 11. Qd3 dxc4 12. Nxc4 b5 13. Nce5 Nxe5 14. Nxe5 Bxg2 15. Kxg2 Qb6 16. dxc5 Bxc5 17. Qf3 Rfe8 18. Rfd1 Rcd8 19. g4 Rxd1 20. Rxd1 Rd8 21. Rxd8+ Qxd8 22. g5 Qd2 23. gxf6 Qxb2 24. Nd7 Qa3 25. Qh5 Bd6 26. Qg5 g6 27. Qxb5 Qc1 28. e3 Qd1 29. Ne5 Bf8 30. Qb7 Qd5+ 31. Qxd5 exd5 32. Nc6 Bc5 33. b4 Bb6 34. a4 a6 35. a5 Bc7 36. Ne7+ Kf8 37. Nxd5 Bd6 38. f4 Ke8 39. e4 Kd7 40. e5 Bf8 41. Kf3 Kc6 42. Ke4 Kb5 43. Kd4 Kc6 44. Kc4 h6 45. Ne7+ 1-0